 Dungeon Sprint DCSS version 0.20.1-1-g8b1a95d (webtiles) character file.

14351008 dvd the Minotaur Barricade (level 22, 150/233 HPs)
             Began as a Minotaur Fighter on Dec 18, 2017.
             Was the Champion of Cheibriados.
             Escaped with the Orb
             ... and 5 runes!
             The game lasted 00:53:43 (11464 turns).

dvd the Minotaur Barricade (Minotaur Fighter)      Turns: 11464, Time: 00:53:44

Health: 150/233    AC: 47    Str: 45    XL:     22   Next: 29%
Magic:  40/40      EV: 34    Int: 20    God:    Cheibriados [******]
Gold:   1050       SH: 38    Dex: 30    Spells: 52/52 levels left

rFire    + + .     SeeInvis .   z - +9 broad axe (elec)
rCold    + . .     Gourm    .   c - +3 large shield {reflect}
rNeg     + . .     Faith    .   D - +4 gold dragon scales
rPois    +         Spirit   .   H - +2 hat
rElec    .         Reflect  +   s - +2 cloak
rCorr    +         Harm     .   E - +2 pair of gloves
MR       ++...     NoTele   +   t - +2 pair of boots
Stlth    ++........             V - amulet "Zuepob" {Reflect rN+ SH+3}
Regen    0.5/turn               u - ring of protection from magic
MPRegen  0.3/turn               U - ring of Untruth {rCorr Str+6 Int-2}

@: very slow
A: retaliatory headbutt, horns 2, talons 1, thin skeletal structure 1, yellow
scales 1, clever 1, clumsy 2, fire resistance 1, poison resistance, screaming 1
0: Orb of Zot
}: 5/15 runes: decaying, serpentine, barnacled, silver, gossamer
a: Bend Time, Temporal Distortion, Slouch, Step From Time, Renounce Religion


You escaped.
You worshipped Cheibriados.
Cheibriados was exalted by your worship.
You were not hungry.

You visited 1 branch You collected 1415 gold pieces.
You spent 365 gold pieces at shops.

Inventory:

Hand Weapons
 a - a +1 broad axe of chopping
 b - a +2 morningstar of crushing
 z - a +9 broad axe of electrocution (weapon)
 F - a +3 broad axe
 P - a +1 war axe of flaming
 S - a +1 eveningstar of protection
 T - a +1 demon trident of electrocution
 Y - the +5 demon trident of Getuan {drain, +Blink +Inv MR+ Int-5}
   (You found it in the Dungeon)

   A truly terrible weapon, it drains the life of those it strikes.
   It affects your intelligence (-5).
   It affects your resistance to hostile enchantments.
   It lets you turn invisible.
   It lets you blink.
Armour
 c - a +3 large shield of reflection (worn)
 s - a +2 cloak (worn)
 t - a +2 pair of boots (worn)
 D - +4 gold dragon scales (worn)
 E - a +2 pair of gloves (worn)
 H - a +2 hat (worn)
 K - +0 pearl dragon scales
 M - +0 storm dragon scales
Jewellery
 q - an uncursed ring of poison resistance
 r - an uncursed ring of protection from fire
 u - a ring of protection from magic (left hand)
 v - a +2 ring of evasion
 w - a +3 ring of strength
 G - the amulet of Wyqack {Faith rF++}
   (You found it in the Dungeon)

   [amulet of faith]

   It allows you to gain divine favour quickly.
   It greatly protects you from fire.
 J - a +6 ring of intelligence
 L - a +2 ring of slaying
 Q - a +4 ring of protection
 R - an uncursed ring of positive energy
 U - the ring of Untruth (right hand) {rCorr Str+6 Int-2}
   (You found it in the Dungeon)

   [ring of resist corrosion]

   It affects your strength (+6).
   It affects your intelligence (-2).
 V - the amulet "Zuepob" (around neck) {Reflect rN+ SH+3}
   (You found it in the Dungeon)

   [amulet of reflection]

   It shields you and reflects attacks.
   It protects you from negative energy.
   It affects your SH (+3).
 W - the ring "Tehed" {Fire rN+ Stlth+}
   (You found it in the Dungeon)

   [ring of fire]

   It enhances your fire magic.
   It protects you from fire.
   It makes you vulnerable to cold.
   It protects you from negative energy.
   It makes you more stealthy.
 X - the ring of Zotyul {rC+ rN+}
   (You found it in the Dungeon)

   [ring of positive energy]

   It protects you from cold.
   It protects you from negative energy.
Wands
 p - a wand of lightning (5/15)
Scrolls
 k - 7 scrolls of blinking
 n - 7 scrolls of remove curse
 o - 2 scrolls of amnesia
 x - 4 scrolls of identify
 y - a scroll of fear
 A - 8 scrolls of recharging
Potions
 d - a potion of might
 e - 7 potions of curing
 g - 8 potions of heal wounds
 h - 3 potions of brilliance
 i - 5 potions of magic
 j - a potion of mutation
 m - 3 potions of invisibility
 I - a potion of resistance
Books
 O - a book of Flames

   Spells                             Type                      Level
   a - Flame Tongue                   Conjuration/Fire             1
   b - Throw Flame                    Conjuration/Fire             2
   c - Conjure Flame                  Conjuration/Fire             3
   d - Inner Flame                    Hexes/Fire                   3
   e - Sticky Flame                   Conjuration/Fire             4
   f - Fireball                       Conjuration/Fire             5
Comestibles
 f - 13 bread rations
 B - 38 fruits
 C - 13 meat rations


   Skills:
 O Level 27 Fighting
 O Level 27 Axes
 O Level 27 Maces & Flails
 O Level 27 Polearms
 + Level 20.9 Throwing
 O Level 27 Armour
 O Level 27 Dodging
 O Level 27 Stealth
 O Level 27 Shields
 + Level 22.6 Unarmed Combat
 + Level 15.7 Spellcasting
 O Level 27 Invocations
 + Level 19.6 Evocations


You had 52 spell levels left.
You didn't know any spells.

Dungeon Overview and Level Annotations

Branches:
Dungeon (1/1)

Altars:
Cheibriados
Dithmenos
Elyvilon
Fedhas
Gozag
Hepliaklqana
Kikubaaqudgha
Makhleb
Nemelex Xobeh
Okawaru
Qazlal
Ru
Sif Muna
Trog
Uskayaw
Vehumet
Xom
Yredelemnul
Zin
The Shining One
Beogh
Jiyva
Lugonu

Shops:
D =*(}


Innate Abilities, Weirdness & Mutations

You reflexively headbutt those who attack you in melee.
You have a pair of horns on your head.
You have sharp toenails.
You have a somewhat thin skeletal structure. (Dex +2, Stealth)
You are partially covered in yellow scales. (AC +2)
Your mind is acute. (Int +2)
You are very clumsy. (Dex -4)
Your flesh is heat resistant. (rF+)
Your system is resistant to poisons. (rPois)
You occasionally shout uncontrollably at your foes.


Message History

You block the hellwing's attack. x2
The hellion gestures at you.
The sphere of damnation explodes!
The damnation engulfs you! You block the hellwing's attack. x2
You barely miss the hellion. You hit the hellwing but do no damage.
You block the hellwing's attack. x2; You block the hellion's attack.
You cut the hellion into ribbons!!!
You kill the hellion!
Cheibriados thoroughly appreciates the change of pace.
You slice the hellwing!!
You kill the hellwing!
Cheibriados thoroughly appreciates the change of pace.
There is an open door, spattered with blood here.
Things that are here:
a flail; a giant club
Things that are here:
a club x2
There is an open door to the Dungeon here.
There is a staircase leading out of the dungeon here.
You have escaped!

.▓.▓.▓.▓.▓.▓.▓.▓.▓
.▓.▓.▓.▓.▓.▓'▓.▓.▓
)▓.▓.▓.▓.▓.▓!▓.▓.▓
.▓.▓.▓.▓.▓.▓.▓.▓)▓
.▓.▓.▓.▓.▓.▓.▓.▓'▓
.▓.▓.▓.▓.▓.▓.▓.▓.▓
†▓.▓.▓.▓.▓.▓.▓.▓.▓
†▓.▓.▓.▓.▓.▓.▓.▓.▓
...▓...▓...▓...▓@▓
▓▓▓▓▓▓▓▓▓▓▓▓▓▓▓▓▓▓


There were no monsters in sight!

Vanquished Creatures
  2 seraphim (D)
  4 orbs of fire (D)
  3 ancient liches (D)
  Mara (D)
  9 pandemonium lords (D)
  Boris (D)
  Frederick (D)
  Sojobo (D)
  Xtahua (D)
  A Killer Klown (D)
  Margery (D)
  Nikola (D)
  4 golden dragons (D)
  A bone dragon (D)
  2 Brimstone Fiends (D)
  4 liches (D)
  3 Tzitzimimeh (D)
  3 electric golems (D)
  A tentacled monstrosity (D)
  Rupert (D)
  A quicksilver dragon (D)
  A titan (D)
  2 Hell Sentinels (D)
  An Ice Fiend (D)
  50 Orb Guardians (D)
  An Executioner (D)
  4 death cobs (D)
  5 tengu reavers (D)
  4 draconian monks (D)
  5 shadow dragons (D)
  2 storm dragons (D)
  7 nagarajas (D)
  Donald (D)
  Ilsuiw (D)
  2 vault wardens (D)
  A frost giant (D)
  8 ghost moths (D)
  A daeva (D)
  Aizul (D)
  2 draconian stormcallers (D)
  2 draconian knights (D)
  4 emperor scorpions (D)
  2 angels (D)
  Louise (D)
  2 draconian annihilators (D)
  4 very ugly things (D)
  A draconian shifter (D)
  An ironheart preserver (D)
  2 blood saints (D)
  3 stone giants (D)
  3 green draconians (D)
  A corrupter (D)
  9 vampire knights (D)
  3 lorocyprocas (D)
  5 white draconians (D)
  2 purple draconians (D)
  4 black draconians (D)
  A yellow draconian (D)
  6 red draconians (D)
  A spark wasp (D)
  3 blizzard demons (D)
  2 ettins (D)
  Josephine (D)
  3 merfolk impalers (D)
  5 yaktaur captains (D)
  25 vault guards (D)
  6 fire dragons (D)
  A great orb of eyes (D)
  5 hydras (D)
  A ghost crab (D)
  3 anacondas (D)
  A monstrous demonspawn (D)
  Erica (D)
  2 hell beasts (D)
  2 merfolk avatars (D)
  A naga warrior (D)
  2 alligators (D)
  3 ogre magi (D)
  5 merfolk aquamancers (D)
  A two-headed ogre (D)
  4 hell hogs (D)
  2 naga sharpshooters (D)
  4 deep troll earth magi (D)
  2 tengu warriors (D)
  A spriggan berserker (D)
  A shock serpent (D)
  A deep elf knight (D)
  6 sun demons (D)
  4 hell knights (D)
  6 sixfirhies (D)
  A salamander mystic (D)
  A flayed ghost (D)
  2 cherubim (D)
  2 torturous demonspawn (D)
  A sea snake (shapeshifter) (D)
  2 deep trolls (D)
  2 sea snakes (D)
  2 gelid demonspawn (D)
  A glowing orange brain (D)
  3 swamp dragons (D)
  A spriggan druid (D)
  2 infernal demonspawn (D)
  3 wizards (D)
  2 shadow demons (D)
  A phantasmal warrior (D)
  3 necromancers (D)
  A manticore (D)
  A harpy (D)
  3 ironbrand convokers (D)
  17 orc knights (D)
  4 ugly things (D)
  An orb spider (D)
  3 wolf spiders (D)
  9 moths of wrath (D)
  A merfolk siren (D)
  A black mamba (D)
  5 rust devils (D)
  A guardian serpent (D)
  4 vault sentinels (D)
  5 orange demons (D)
  2 naga magi (D)
  12 smoke demons (D)
  7 spiny frogs (D)
  A hellion (D)
  A kobold demonologist (D)
  8 ice devils (D)
  2 freezing wraiths (D)
  A komodo dragon (D)
  A yaktaur (D)
  9 hellwings (D)
  3 demonic crawlers (D)
  2 trolls (D)
  5 red devils (D)
  A wind drake (D)
  3 merfolk (D)
  2 polar bears (D)
  3 jumping spiders (D)
  A hornet (D)
  3 hippogriffs (D)
  A slime creature (D)
  2 small abominations (D)
  4 ynoxinuls (D)
  A redback (D)
  2 tarantellas (D)
  5 wraiths (D)
  A wyvern (D)
  A yak (shapeshifter) (D)
  5 large abominations (D)
  A yak (D)
  10 neqoxecs (D)
  2 golden eyes (shapeshifter) (D)
  A hungry ghost (D)
  8 chaos spawn (D)
  3 water moccasins (D)
  An insubstantial wisp (D)
  3 nagas (D)
  7 hell hounds (D)
  14 orc warriors (D)
  A floating eye (shapeshifter) (D)
  A porcupine (D)
  A swamp drake (D)
  A sky beast (D)
  6 black bears (D)
  A phantom (D)
  An ogre (D)
  3 boggarts (D)
  3 crocodiles (D)
  2 bullfrogs (D)
  8 crimson imps (D)
  A quasit (D)
  4 iron imps (D)
  A jelly (D)
  4 orc wizards (D)
  A hound (D)
  4 orc priests (D)
  A worker ant (D)
  A shadow imp (D)
  2 white imps (D)
  An ufetubus (D)
  A leopard gecko (D)
  4 orcs (D)
  A bat zombie (D)
  A goblin (D)
  A frilled lizard (D)
  A kobold (D)
  A leopard gecko simulacrum (D)
  A rat (D)
589 creatures vanquished.

Vanquished Creatures (others)
  2 merfolk javelineers (D)
  2 hydras (D)
  A swamp dragon (D)
  2 swamp drakes (D)
7 creatures vanquished.

Grand Total: 596 creatures vanquished

Notes
Turn   | Place    | Note
-------+----------+-------------------------------------------
     0 | D        | dvd the Minotaur Fighter began the quest for the Orb.
     0 | D        | Reached XP level 1. HP: 19/19 MP: 0/0
    79 | D        | Noticed a crimson imp
    79 | D        | Noticed a crimson imp
    79 | D        | Noticed a phantom
    79 | D        | Noticed an ogre
    83 | D        | Killed an ogre
    83 | D        | Reached skill level 5 in Axes
    83 | D        | Reached XP level 2. HP: 24/31 MP: 1/1
    83 | D        | Reached XP level 3. HP: 29/38 MP: 2/2
    83 | D        | Reached XP level 4. HP: 34/45 MP: 3/3
    89 | D        | Reached XP level 5. HP: 37/52 MP: 4/4
    93 | D        | Killed a phantom
   181 | D        | Found a roughly hewn altar of Beogh.
   181 | D        | Found a snail-covered altar of Cheibriados.
   181 | D        | Found a shadowy altar of Dithmenos.
   181 | D        | Found a white marble altar of Elyvilon.
   181 | D        | Found a blossoming altar of Fedhas.
   181 | D        | Found an opulent altar of Gozag.
   182 | D        | Found a hazy altar of Hepliaklqana.
   183 | D        | Found a viscous altar of Jiyva.
   184 | D        | Found an ancient bone altar of Kikubaaqudgha.
   185 | D        | Became a worshipper of Cheibriados the Contemplative
   186 | D        | Found a corrupted altar of Lugonu.
   187 | D        | Found a burning altar of Makhleb.
   188 | D        | Found a sparkling altar of Nemelex Xobeh.
   189 | D        | Found an iron altar of Okawaru.
   190 | D        | Found a stormy altar of Qazlal.
   191 | D        | Found a sacrificial altar of Ru.
   192 | D        | Found a deep blue altar of Sif Muna.
   193 | D        | Found a bloodstained altar of Trog.
   194 | D        | Found a hide-covered altar of Uskayaw.
   195 | D        | Found a radiant altar of Vehumet.
   197 | D        | Found a shimmering altar of Xom.
   198 | D        | Found a basalt altar of Yredelemnul.
   199 | D        | Found a glowing silver altar of Zin.
   200 | D        | Found a glowing golden altar of the Shining One.
   270 | D        | Noticed a troll
   270 | D        | Noticed a wyvern
   270 | D        | Noticed a wraith
   274 | D        | Reached XP level 6. HP: 62/62 MP: 5/5
   281 | D        | Reached * piety under Cheibriados
   281 | D        | Reached skill level 1 in Dodging
   290 | D        | Killed a wraith
   290 | D        | Reached ** piety under Cheibriados
   290 | D        | Reached skill level 1 in Maces & Flails
   293 | D        | Killed a wyvern
   293 | D        | Reached skill level 10 in Fighting
   293 | D        | Reached skill level 10 in Axes
   293 | D        | Reached XP level 7. HP: 71/72 MP: 6/6
   296 | D        | Killed a troll
   297 | D        | Reached *** piety under Cheibriados
   326 | D        | Noticed a hungry ghost
   330 | D        | Reached skill level 10 in Shields
   334 | D        | Reached **** piety under Cheibriados
   335 | D        | Reached XP level 8. HP: 66/81 MP: 7/7
   337 | D        | Reached ***** piety under Cheibriados
   453 | D        | Noticed a spiny frog
   453 | D        | Noticed a hippogriff
   453 | D        | Noticed a komodo dragon
   455 | D        | Reached skill level 5 in Maces & Flails
   462 | D        | Killed a komodo dragon
   462 | D        | Reached skill level 10 in Armour
   468 | D        | Killed a hippogriff
   470 | D        | Killed a spiny frog
   470 | D        | Reached ****** piety under Cheibriados
   470 | D        | Reached XP level 9. HP: 89/90 MP: 8/8
   496 | D        | Noticed a spiny frog
   496 | D        | Noticed a spiny frog
   496 | D        | Noticed a four-headed hydra
   496 | D        | Noticed a spiny frog
   501 | D        | Killed a spiny frog
   506 | D        | Killed a four-headed hydra
   513 | D        | Killed a spiny frog
   513 | D        | Reached skill level 10 in Maces & Flails
   513 | D        | Reached XP level 10. HP: 98/100 MP: 9/9
   516 | D        | Killed a spiny frog
   524 | D        | Reached skill level 15 in Axes
   615 | D        | Noticed Josephine
   623 | D        | Killed Josephine
   629 | D        | Reached skill level 5 in Dodging
   721 | D        | Noticed an orc knight
   723 | D        | Noticed an ettin
   729 | D        | Killed an orc knight
   732 | D        | Killed an ettin
   732 | D        | Reached skill level 15 in Shields
   732 | D        | Reached skill level 1 in Invocations
   732 | D        | Reached XP level 11. HP: 56/108 MP: 4/10
   861 | D        | Noticed an orc knight
   866 | D        | Noticed an orc knight
   873 | D        | Killed an orc knight
   875 | D        | Noticed an orc knight
   880 | D        | Killed an orc knight
   894 | D        | Killed an orc knight
   894 | D        | Reached skill level 15 in Maces & Flails
  1108 | D        | Found Rison's Gadget Boutique.
  1108 | D        | Noticed an orc knight
  1108 | D        | Noticed an orc knight
  1108 | D        | Noticed an orc knight
  1109 | D        | Noticed an orc knight
  1112 | D        | Noticed an orc knight
  1112 | D        | Killed an orc knight
  1120 | D        | Killed an orc knight
  1125 | D        | Killed an orc knight
  1126 | D        | Found Erchasem's Weapon Shop.
  1126 | D        | Noticed an orc knight
  1128 | D        | Killed an orc knight
  1135 | D        | Killed an orc knight
  1135 | D        | Reached skill level 15 in Fighting
  1138 | D        | Killed an orc knight
  1140 | D        | Noticed an orc knight
  1149 | D        | Found Haxzeq's Assorted Antiques.
  1155 | D        | Killed an orc knight
  1160 | D        | Found Bumos's Jewellery Shop.
  1172 | D        | Noticed an orc knight
  1180 | D        | Killed an orc knight
  1442 | D        | Bought a square steel amulet for 125 gold pieces
  1455 | D        | Bought an uncursed ring of poison resistance for 240 gold pieces
  1710 | D        | Noticed a tengu warrior
  1710 | D        | Noticed a two-headed ogre
  1710 | D        | Noticed an ogre mage
  1715 | D        | Noticed an orc knight
  1720 | D        | Killed an ogre mage
  1720 | D        | Reached XP level 12. HP: 106/122 MP: 14/14
  1724 | D        | Noticed a tengu reaver
  1726 | D        | Noticed a white very ugly thing
  1729 | D        | Noticed a deep troll earth mage
  1730 | D        | Killed a two-headed ogre
  1730 | D        | Reached skill level 5 in Invocations
  1732 | D        | Noticed a stone giant
  1736 | D        | Noticed a stone giant
  1744 | D        | Killed a tengu reaver
  1749 | D        | Noticed a stone giant
  1758 | D        | Killed a white very ugly thing
  1760 | D        | Killed a tengu warrior
  1765 | D        | Killed a deep troll earth mage
  1767 | D        | Killed a stone giant
  1773 | D        | Killed a stone giant
  1776 | D        | Killed a stone giant
  2170 | D        | Noticed a tengu reaver
  2176 | D        | Killed a tengu reaver
  2192 | D        | Noticed Erica
  2199 | D        | Killed Erica
  2286 | D        | Noticed an alligator
  2286 | D        | Noticed an alligator
  2290 | D        | Killed an alligator
  2294 | D        | Reached XP level 13. HP: 133/133 MP: 17/17
  2303 | D        | Reached skill level 1 in Stealth
  2389 | D        | Noticed a spark wasp
  2395 | D        | Killed a spark wasp
  2414 | D        | Killed a ghost moth
  2552 | D        | Reached skill level 15 in Armour
  2840 | D        | Reached skill level 1 in Evocations
  3108 | D        | Noticed Rupert
  3122 | D        | Killed Rupert
  3209 | D        | Noticed a fire dragon
  3210 | D        | Noticed a lich
  3212 | D        | Reached skill level 10 in Invocations
  3218 | D        | Noticed a fire dragon
  3219 | D        | Noticed a golden dragon
  3228 | D        | Killed a lich
  3228 | D        | Reached XP level 14. HP: 144/148 MP: 20/20
  3235 | D        | Noticed a tengu reaver
  3243 | D        | Killed a golden dragon
  3263 | D        | Killed a tengu reaver
  3296 | D        | Gained mutation: Armour fits poorly on your strangely shaped body. [mutagenic meat]
  3298 | D        | Gained mutation: You are robust. (+10% HP) [mutagenic meat]
  3299 | D        | Gained mutation: Your body sometimes deteriorates upon taking damage. [mutagenic meat]
  3300 | D        | Gained mutation: You are partially covered in iridescent scales. (AC +2) [mutagenic meat]
  3301 | D        | Gained mutation: You have a somewhat thin skeletal structure. (Dex +2, Stealth) [mutagenic meat]
  3561 | D        | Noticed a purple very ugly thing
  3565 | D        | Noticed a purple very ugly thing
  3568 | D        | Killed a purple very ugly thing
  3575 | D        | Killed a purple very ugly thing
  3583 | D        | Lost mutation: You are robust. (+10% HP) [mutagenic meat]
  3584 | D        | Gained mutation: You do not regenerate when monsters are visible. [mutagenic meat]
  3585 | D        | Gained mutation: You have sharp toenails. [mutagenic meat]
  3586 | D        | Gained mutation: You are partially covered in molten scales. (AC +2) [mutagenic meat]
  3587 | D        | Gained mutation: Your flesh is heat resistant. (rF+) [mutagenic meat]
  3588 | D        | Gained mutation: Your spells are a little harder to cast, but a little more powerful. [mutagenic meat]
  3590 | D        | Gained mutation: Your flesh is very heat resistant. (rF++) [mutagenic meat]
  3591 | D        | Gained mutation: Your system is resistant to poisons. (rPois) [mutagenic meat]
  3593 | D        | Gained mutation: Your body often deteriorates upon taking damage. [mutagenic meat]
  3671 | D        | Noticed a vault warden
  3694 | D        | Killed a vault warden
  3707 | D        | Paralysed by a floating eye for 2 turns
  3879 | D        | Lost mutation: You are partially covered in molten scales. (AC +2) [mutagenic meat]
  3880 | D        | Lost mutation: Armour fits poorly on your strangely shaped body. [mutagenic meat]
  3881 | D        | Lost mutation: You are partially covered in iridescent scales. (AC +2) [mutagenic meat]
  3917 | D        | Noticed Xtahua
  3926 | D        | Killed Xtahua
  4028 | D        | Noticed Boris
  4042 | D        | Killed Boris
  4042 | D        | Reached XP level 15. HP: 84/162 MP: 21/21
  4433 | D        | Noticed Aizul
  4443 | D        | Killed Aizul
  4632 | D        | Killed a ghost moth
  4666 | D        | Killed a ghost moth
  4686 | D        | Gained mutation: You are partially covered in yellow scales. (AC +2) [mutagenic meat]
  4689 | D        | Gained mutation: You are clumsy. (Dex -2) [mutagenic meat]
  4696 | D        | Killed a ghost moth
  4700 | D        | Killed a ghost moth
  4724 | D        | Got a gossamer rune of Zot
  4844 | D        | Noticed a nagaraja
  4844 | D        | Noticed a nagaraja
  4844 | D        | Noticed a nagaraja
  4845 | D        | Noticed a nagaraja
  4851 | D        | Noticed a nagaraja
  4854 | D        | Killed a nagaraja
  4860 | D        | Killed a nagaraja
  4863 | D        | Noticed a nagaraja
  4864 | D        | Killed a nagaraja
  4871 | D        | Killed a nagaraja
  4875 | D        | Noticed a nagaraja
  4876 | D        | Killed a nagaraja
  4880 | D        | Killed a nagaraja
  4887 | D        | Killed a nagaraja
  4903 | D        | Got a serpentine rune of Zot
  5113 | D        | Got a decaying rune of Zot
  5151 | D        | Noticed Ilsuiw
  5174 | D        | Reached skill level 27 in Shields
  5218 | D        | Killed Ilsuiw
  5218 | D        | Reached XP level 16. HP: 146/178 MP: 22/22
  5232 | D        | Got a barnacled rune of Zot
  5309 | D        | Noticed Margery
  5319 | D        | Killed Margery
  5324 | D        | Reached skill level 10 in Dodging
  5436 | D        | Noticed Donald
  5447 | D        | Killed Donald
  5482 | D        | Noticed Frederick
  5495 | D        | Killed Frederick
  5598 | D        | Reached skill level 27 in Fighting
  5687 | D        | Reached skill level 27 in Axes
  5768 | D        | Noticed a lich
  5779 | D        | Killed a lich
  5792 | D        | Noticed a shadow dragon
  5802 | D        | Noticed a shadow dragon
  5811 | D        | Reached skill level 15 in Dodging
  5818 | D        | Killed a shadow dragon
  5833 | D        | Killed a shadow dragon
  5919 | D        | Noticed a shadow dragon
  5919 | D        | Noticed a titan
  5919 | D        | Noticed a shadow dragon
  5924 | D        | Noticed a shadow dragon
  5924 | D        | Killed a shadow dragon
  5926 | D        | Noticed an ancient lich
  5933 | D        | Noticed a golden dragon
  5935 | D        | Killed a titan
  5935 | D        | Reached XP level 17. HP: 158/191 MP: 23/23
  5942 | D        | Killed an ancient lich
  5951 | D        | Killed a golden dragon
  5964 | D        | Got a silver rune of Zot
  6076 | D        | Noticed Louise
  6078 | D        | Noticed Mara
  6083 | D        | Killed Louise
  6095 | D        | Killed Mara
  6184 | D        | Got the amulet of Wyqack {Faith rF++}
  6186 | D        | Got the ring of Untruth {rCorr Str+6 Int-2}
  6188 | D        | Got the amulet "Zuepob" {Reflect rN+ SH+3}
  6190 | D        | Got the ring "Tehed" {Fire rN+ Stlth+}
  6192 | D        | Got the ring of Zotyul {rC+ rN+}
  6202 | D        | Got the +5 demon trident of Getuan {drain, +Blink +Inv MR+ Int-5}
  6289 | D        | Noticed Sojobo
  6291 | D        | Noticed Nikola
  6296 | D        | Killed Sojobo
  6296 | D        | Reached skill level 27 in Armour
  6312 | D        | Killed Nikola
  6312 | D        | Reached skill level 5 in Stealth
  6788 | D        | Noticed a bone dragon
  6803 | D        | Killed a bone dragon
  6817 | D        | Reached skill level 15 in Invocations
  6999 | D        | Reached XP level 18. HP: 159/200 MP: 29/29
  7118 | D        | Noticed a golden dragon
  7118 | D        | Noticed a tentacled monstrosity
  7118 | D        | Noticed an electric golem
  7124 | D        | Killed an electric golem
  7128 | D        | Killed a tentacled monstrosity
  7147 | D        | Killed a golden dragon
  7363 | D        | Reached skill level 27 in Dodging
  7541 | D        | Noticed an Orb Guardian
  7541 | D        | Noticed an Orb Guardian
  7541 | D        | Noticed an Orb Guardian
  7541 | D        | Noticed an Orb Guardian
  7541 | D        | Noticed an Orb Guardian
  7541 | D        | Noticed an Orb Guardian
  7547 | D        | Killed an Orb Guardian
  7554 | D        | Killed an Orb Guardian
  7556 | D        | Killed an Orb Guardian
  7561 | D        | Killed an Orb Guardian
  7563 | D        | Killed an Orb Guardian
  7570 | D        | Killed an Orb Guardian
  7571 | D        | Noticed an Orb Guardian
  7572 | D        | Noticed an Orb Guardian
  7576 | D        | Killed an Orb Guardian
  7579 | D        | Killed an Orb Guardian
  7580 | D        | Noticed an Orb Guardian
  7581 | D        | Noticed an Orb Guardian
  7584 | D        | Killed an Orb Guardian
  7590 | D        | Killed an Orb Guardian
  7620 | D        | Noticed an Orb Guardian
  7620 | D        | Noticed an Orb Guardian
  7625 | D        | Noticed an Orb Guardian
  7628 | D        | Reached skill level 27 in Invocations
  7630 | D        | Reached skill level 5 in Polearms
  7632 | D        | Noticed an Orb Guardian
  7636 | D        | Killed an Orb Guardian
  7642 | D        | Killed an Orb Guardian
  7654 | D        | Reached XP level 19. HP: 179/207 MP: 35/35
  7663 | D        | Reached skill level 15 in Polearms
  7715 | D        | Noticed an ancient lich
  7722 | D        | Killed an ancient lich
  7725 | D        | Noticed an orb of fire
  7729 | D        | Killed an orb of fire
  7732 | D        | Noticed an electric golem
  7747 | D        | Killed an electric golem
  7795 | D        | Noticed a Killer Klown
  7796 | D        | Noticed an orb of fire
  7803 | D        | Noticed an orb of fire
  7817 | D        | Lost mutation: Your spells are a little harder to cast, but a little more powerful. [an orb of fire]
  7820 | D        | Killed an orb of fire
  7820 | D        | Reached skill level 10 in Stealth
  7828 | D        | Gained mutation: You are very clumsy. (Dex -4) [an orb of fire]
  7830 | D        | Killed an orb of fire
  7841 | D        | Noticed an orb of fire
  7843 | D        | Noticed a golden dragon
  7856 | D        | Killed a Killer Klown
  7856 | D        | Reached skill level 27 in Polearms
  7858 | D        | Noticed an electric golem
  7865 | D        | Killed an orb of fire
  7875 | D        | Reached skill level 15 in Stealth
  7880 | D        | Killed a golden dragon
  7887 | D        | Killed an electric golem
  8132 | D        | Reached XP level 20. HP: 162/216 MP: 36/36
  8324 | D        | Got the Orb of Zot
  8613 | D        | Noticed Ezauc the pandemonium lord
  8619 | D        | Killed Ezauc the pandemonium lord
  8835 | D        | Noticed Xuilel the pandemonium lord
  8845 | D        | Killed Xuilel the pandemonium lord
  8921 | D        | Reached skill level 27 in Stealth
  8933 | D        | Reached skill level 1 in Throwing
  8933 | D        | Reached skill level 1 in Unarmed Combat
  8947 | D        | Reached skill level 1 in Spellcasting
  8971 | D        | Noticed Novihufu the pandemonium lord
  8980 | D        | Killed Novihufu the pandemonium lord
  9071 | D        | Reached skill level 5 in Unarmed Combat
  9093 | D        | Reached skill level 5 in Evocations
  9118 | D        | Noticed a seraph
  9121 | D        | Reached skill level 5 in Throwing
  9133 | D        | Killed a seraph
  9133 | D        | Reached skill level 5 in Spellcasting
  9300 | D        | Reached skill level 10 in Unarmed Combat
  9390 | D        | Noticed a seraph
  9407 | D        | Killed a seraph
  9407 | D        | Reached skill level 10 in Evocations
  9450 | D        | Reached XP level 21. HP: 219/224 MP: 37/37
  9627 | D        | Noticed Ytonnill the pandemonium lord
  9630 | D        | Noticed an ancient lich
  9637 | D        | Killed an ancient lich
  9638 | D        | Killed Ytonnill the pandemonium lord
  9638 | D        | Reached skill level 10 in Spellcasting
 10022 | D        | Reached skill level 15 in Unarmed Combat
 10150 | D        | Reached skill level 15 in Throwing
 10163 | D        | Noticed Tuym the pandemonium lord
 10183 | D        | Killed Tuym the pandemonium lord
 10204 | D        | Reached skill level 15 in Evocations
 10475 | D        | Noticed Wusiylek the pandemonium lord
 10495 | D        | Killed Wusiylek the pandemonium lord
 10623 | D        | Noticed Sesie the pandemonium lord
 10630 | D        | Killed Sesie the pandemonium lord
 11007 | D        | Gained mutation: You occasionally shout uncontrollably at your foes. [a neqoxec]
 11125 | D        | Reached skill level 27 in Maces & Flails
 11140 | D        | Lost mutation: Your flesh is very heat resistant. (rF++) [potion of mutation]
 11140 | D        | Lost mutation: You do not regenerate when monsters are visible. [potion of mutation]
 11140 | D        | Lost mutation: Your body often deteriorates upon taking damage. [potion of mutation]
 11140 | D        | Lost mutation: Your body sometimes deteriorates upon taking damage. [potion of mutation]
 11140 | D        | Gained mutation: Your mind is acute. (Int +2) [potion of mutation]
 11172 | D        | Reached XP level 22. HP: 231/233 MP: 39/39
 11237 | D        | Noticed Maedas the pandemonium lord
 11249 | D        | Killed Maedas the pandemonium lord
 11262 | D        | Reached skill level 15 in Spellcasting
 11316 | D        | Noticed Loar the pandemonium lord
 11328 | D        | Killed Loar the pandemonium lord
 11464 | D        | Escaped with the Orb!

Skill      XL: |  1  2  3  4  5  6  7  8  9 10 11 12 13 14 15 16 17 18 19 20 21 22 |
---------------+-------------------------------------------------------------------+-----
Shields        | 6 7 8 9 10 11 12 15 16 18 20 23 27 | 27.0
Fighting       | 6 7 8 10 11 12 13 15 17 20 22 25 27 | 27.0
Armour         | 6 7 8 9 10 11 12 13 16 17 19 24 27 | 27.0
Axes           | 5 6 8 10 11 13 14 15 16 19 21 23 27 | 27.0
Dodging        | 1 2 3 4 5 7 9 17 24 27 | 27.0
Maces & Flails | 2 4 7 10 13 16 17 19 22 27 | 27.0
Invocations    | 1 4 7 10 17 27 | 27.0
Stealth        | 2 3 6 9 20 27 | 27.0
Evocations     | 1 11 17 19 | 19.6
Polearms       | 13 27 | 27.0
Throwing       | 11 19 20 | 20.9
Unarmed Combat | 12 20 22 | 22.6
Spellcasting   | 8 14 15 | 15.7

Action                   |  1- 3 |  4- 6 |  7- 9 | 10-12 | 13-15 | 16-18 | 19-21 | 22-24 || total
-------------------------+-------+-------+-------+-------+-------+-------+-------+-------++-------
Melee: War axe           |    21 |    14 |       |       |     9 |       |       |       ||    44
       Headbutt          |     2 |     7 |    24 |    80 |   173 |   262 |   238 |    37 ||   823
       Morningstar       |       |    17 |    26 |    76 |   169 |       |       |       ||   288
       Broad axe         |       |       |    29 |   137 |   290 |   610 |   645 |   101 ||  1812
Invok: Slouch            |       |       |       |     7 |     2 |     5 |     9 |       ||    23
Evoke: Wand              |       |       |       |       |     2 |       |       |       ||     2
  Use: Scroll            |       |       |       |     6 |     8 |     5 |       |       ||    19
       Potion            |       |       |       |     2 |     2 |       |     6 |     3 ||    13
 Stab: Confused          |       |       |       |     1 |       |       |       |       ||     1
       Distracted        |       |       |       |       |       |       |     1 |       ||     1
  Eat: Chunk             |       |       |       |     2 |    34 |     6 |       |       ||    42
       Royal jelly       |       |       |       |       |       |       |     1 |       ||     1
       Meat ration       |       |       |       |       |       |       |     1 |       ||     1
       Fruit             |       |       |       |       |       |       |     1 |     1 ||     2
Armor: Scale mail        |    15 |     5 |       |       |       |       |       |       ||    20
       Plate armour      |       |    12 |    11 |    21 |       |       |       |       ||    44
       Crystal plate arm |       |       |       |    26 |    36 |       |       |       ||    62
       Chain mail        |       |       |       |     1 |   125 |    20 |       |       ||   146
       Gold dragon scale |       |       |       |       |       |    33 |    63 |    13 ||   109
Dodge: Dodged            |     3 |    12 |    18 |    46 |   131 |   136 |   142 |    28 ||   516
Block: Shield            |     6 |    14 |    38 |   124 |   126 |       |       |       ||   308
       Buckler           |       |       |       |       |    20 |       |       |       ||    20
       Reflection        |       |       |       |       |    23 |     8 |     6 |     1 ||    38
       Large shield      |       |       |       |       |   254 |   531 |   658 |   122 ||  1565
